 Dungeon Crawl Stone Soup version 0.30.0-5-g1a98f26d00 (webtiles) character file.

Game seed: 16960527102655383996

112 choppaz the Sneak (level 4, 0/31 HPs)
             Began as an Octopode Brigand on May 12, 2023.
             Was an Initiate of Gozag.
             Slain by an orc
             ... wielding a +0 mace
              (7 damage)
             ... on level 3 of the Dungeon.
             The game lasted 00:02:37 (1691 turns).

choppaz the Sneak (Octopode Brigand)                Turns: 1691, Time: 00:02:38

Health: 0/31       AC:  1    Str: 10    XL:     4   Next: 95%
Magic:  4/4        EV: 13    Int: 15    God:    Gozag
Gold:   208        SH:  0    Dex: 13    Spells: 3/3 levels left

rFire   . . .        a - +2 dagger
rCold   . . .        (no shield)
rNeg    . . .        (helmet restricted)
rPois   .            (no amulet)
rElec   .            (no ring)
rCorr   .            (no ring)
SInv    .            (no ring)
Will    .....        (no ring)
Stlth   ++++         (no ring)
HPRegen 0.25/turn    (no ring)
MPRegen 0.09/turn    (no ring)
                     (no ring)

%: no passive effects
@: lethally poisoned (0 -> -3), gold aura
A: almost no armour, amphibious, 8 rings, camouflage 1, gelatinous body 1,
(nimble swimmer 1), tentacles
a: Renounce Religion, Potion Petition, Call Merchant, Bribe Branch


You were on level 3 of the Dungeon.
You worshipped Gozag.
Gozag was aware of your devotion.
You visited 1 branch of the dungeon, and saw 3 of its levels.

You collected 241 gold pieces.
You paid 33 gold pieces to Gozag.

Inventory:

Hand Weapons
 a - a +2 dagger (weapon)
Missiles
 b - 11 poisoned darts (quivered)
 c - 3 curare-tipped darts
 l - a throwing net
Scrolls
 d - 2 scrolls of immolation {unknown}
 f - 3 scrolls of identify {unknown}
 g - 2 scrolls of teleportation {unknown}
 h - a scroll of enchant weapon {unknown}
 i - a scroll of brand weapon {unknown}
 j - a scroll of amnesia {unknown}
Potions
 e - 3 potions of curing {unknown}
 k - 2 potions of mutation {unknown}


   Skills:
 + Level 3.2 Fighting
 - Level 2.0 Short Blades
 - Level 2.0 Throwing
 + Level 2.7 Dodging
 - Level 5.3 Stealth
 + Level 2.3 Unarmed Combat


You had 3 spell levels left.
You didn't know any spells.
Your spell library was empty.

Dungeon Overview and Level Annotations

Branches:
Dungeon (3/15)

Altars:
Cheibriados
Gozag


Innate Abilities, Weirdness & Mutations

You cannot wear most types of armour.
You are amphibious.
You can wear up to eight rings at the same time.
Your skin changes colour to match your surroundings (Stealth+).
Your rubbery body absorbs attacks. (AC +1, EV +1)
((You are camouflaged when in or above water. (Stealth+)))
You have tentacles for arms and can constrict up to eight enemies at once.


Message History

You barely miss the adder. Your grab misses the adder.
You squeeze the adder, but do no damage.
You constrict the orc. The adder bites you. The orc hits you with a +0 club.
You barely miss the adder. You grab the adder. Your squeeze misses the adder.
You constrict the orc, but do no damage.
You constrict the adder. The adder bites you. The orc completely misses you.
You hit the adder.
The adder is moderately wounded.
You constrict the orc, but do no damage.
You constrict the adder. The adder barely misses you. The adder bites you.
The orc hits you with a +0 club.
An orc comes into view. It is wielding a +0 dagger.
You hit the adder.
The adder is heavily wounded.
You constrict the orc. You constrict the adder.
The adder bites you but does no damage.
You barely miss the adder. Your squeeze misses the adder.
The adder is severely wounded.
You constrict the orc, but do no damage.
You constrict the adder. The orc barely misses you. The adder bites you.
You are poisoned.
The adder poisons you!
You hit the adder.
You kill the adder!
You constrict the orc.
You feel sick. The orc hits you with a +0 club.
* * * LOW HITPOINT WARNING * * *
An adder comes into view.
You aren't carrying any items that you can evoke.
The adder hisses angrily.
You hit the ball python.
You kill the ball python!
You constrict the orc.
You kill the orc!
You feel sick.
You feel sick.
You see here 7 gold pieces.
The orc attacks as you move away! The orc misses you.
You feel sick. The orc attacks as you move away!
The orc hits you with a +0 mace!
You die...
Your body crumbles into a pile of gold.

#..#.... . [# #
....#.# . . #.
#...#.# .##
.#####.#._.#.# $
..#...........#.#
#..#<..##.....#.#
..?........#.#<##
#..........#....#
#@# #....#....# #o#
##....#....#
#.####..........#
#o#..........####
#o#...##...P.#
##So.####...P.#####
#....# #...P......
#....#######.P......
#..#................


You could see an adder and 4 orcs.

Vanquished Creatures
  Jessica (D:2)
  3 adders
  2 worms (D:2)
  2 dart slugs
  An orc (D:3)
  2 bats (D:2)
  6 endoplasms
  2 giant cockroaches (D:1)
  4 goblins
  4 hobgoblins
  3 jackals (D:1)
  4 quokkas
  4 ball pythons
  A frilled lizard (D:3)
  3 kobolds
  3 rats
45 creatures vanquished.

Notes
Turn   | Place    | Note
-------+----------+-------------------------------------------
     0 | D:1      | choppaz the Octopode Brigand began the quest for the Orb.
     0 | D:1      | Reached XP level 1. HP: 14/14 MP: 1/1
   303 | D:1      | Reached XP level 2. HP: 19/19 MP: 2/2
   405 | D:1      | Reached skill level 1 in Unarmed Combat
   459 | D:1      | Found a faded altar of an unknown god.
   642 | D:1      | Reached XP level 3. HP: 23/25 MP: 3/3
   988 | D:2      | Noticed Jessica
   996 | D:2      | Killed Jessica
   997 | D:2      | Reached XP level 4. HP: 23/30 MP: 4/4
  1063 | D:2      | Found an opulent altar of Gozag.
  1070 | D:2      | Became a worshipper of Gozag Ym Sagoz the Greedy
  1617 | D:3      | Found a snail-covered altar of Cheibriados.
  1691 | D:3      | Slain by an orc

Illustrated notes

Levels and vault maps discovered:
D:1:      dpeg_arrival_oval, layout_basic, dreamdust_ecumenical_altar_statues,
          hangedman_abyss_or_decor_lesser_grid
D:2:      layout_loops_ring, basic_altar, kennysheep_generic_room_8,
          uniq_jessica
D:3:      layout_rooms, mainiacjoe_overflow_boulevard,
          mainiacjoe_overflow_six_doors_small, serial_rivers,
          chequers_serial_rivers_micro_d, chequers_serial_rivers_micro_a,
          chequers_serial_rivers_large_b, chequers_serial_rivers_room_b,
          uniq_grinder

Skill      XL: |  1  2  3  4 |
---------------+-------------+-----
Unarmed Combat | 1 2 |  2.3
Dodging        | 2 |  2.7
Fighting       | 3 |  3.2
Short Blades   | |  2.0
Throwing       | |  2.0
Stealth        | |  5.3

Action                     |  1- 3 |  4- 6 || total
---------------------------+-------+-------++-------
  Melee: Dagger            |    35 |    38 ||    73
         Constrict         |     8 |     4 ||    12
         Tentacles         |     7 |     4 ||    11
  Throw: Dart              |     2 |       ||     2
   Stab: Sleeping          |    12 |    12 ||    24
 Armour: Skin              |     1 |     1 ||     2
  Dodge: Dodged            |    11 |    16 ||    27
